 Dungeon Crawl Stone Soup version 0.20-a0-658-g02b20f4 (webtiles) character file.

20438 Devintownsend the Warrior (level 12, -7/124 HPs)
             Began as a Minotaur Fighter on Feb 11, 2017.
             Was the Champion of Okawaru.
             Shot with an arrow by Nessos (19 damage)
             ... on level 5 of the Lair of Beasts on Feb 17, 2017.
             The game lasted 02:10:20 (12505 turns).

Devintownsend the Warrior (Minotaur Fighter)       Turns: 12505, Time: 02:10:20

Health: -7/124     AC: 15    Str: 23    XL:     12   Next: 45%
Magic:  12/12      EV:  8    Int:  6    God:    Okawaru [******]
Gold:   764        SH: 10    Dex: 12    Spells: 11/11 levels left

rFire    + + +     SeeInvis .   R - +8 whip "Snakebite" {curare, rPois}
rCold    . . .     Gourm    .   E - +0 ring mail "Xuos" {+Inv rPois MR-}
rNeg     + . .     Faith    +   c - +0 shield
rPois    +         Spirit   .   S - +1 hat
rElec    .         Reflect  .   L - +2 cloak
rCorr    .         Harm     .   y - +1 pair of gloves
MR       .....     Clarity  +   Q - +2 pair of boots {Stlth+}
Stlth    ++........             v - amulet of faith
Regen    0.3/turn               t - ring of protection from fire
MPRegen  0.2/turn               M - ring "Fyny" {Fire *Corrode +Inv rN+ Slay+6}

@: about to teleport, corroded
A: retaliatory headbutt, horns 2, clarity, cold resistance 1, fire resistance 1,
magic resistance 1
a: Heroism, Finesse, Renounce Religion, Evoke Invisibility


You were on level 5 of the Lair of Beasts.
You worshipped Okawaru.
Okawaru was exalted by your worship.
You were near starving.

You visited 3 branches of the dungeon, and saw 14 of its levels.
You also visited: Ossuary and Ice Cave.

You collected 764 gold pieces.

Inventory:

Hand Weapons
 a - a +2 mace of crushing
 R - the +8 whip "Snakebite" (weapon) {curare, rPois}
   (You found it on level 1 of the Lair of Beasts)

   It poisons the flesh of those it strikes.
   It protects you from poison.
Missiles
 o - 4 tomahawks of returning (quivered)
Armour
 c - a +0 shield (worn)
 k - a +1 pair of boots of stealth
 y - a +1 pair of gloves (worn)
 B - a +1 pair of boots of flying
 E - the +0 ring mail "Xuos" (worn) {+Inv rPois MR-}
   (You found it on level 4 of the Dungeon)

   It protects you from poison.
   It affects your resistance to hostile enchantments.
   It lets you turn invisible.
 L - a +2 cloak (worn)
 Q - a +2 pair of boots of stealth (worn)
 S - a +1 hat (worn)
Jewellery
 b - an uncursed ring of flight
 n - an uncursed ring of positive energy
 p - an uncursed ring of teleportation
 t - a ring of protection from fire (right hand)
 u - a +6 ring of strength
 v - an amulet of faith (around neck)
 z - a +5 ring of evasion {unknown}
 F - an uncursed ring of positive energy
 M - the ring "Fyny" (left hand) {Fire *Corrode +Inv rN+ Slay+6}
   (You found it on level 8 of the Dungeon)

   [ring of fire]

   It enhances your fire magic.
   It affects your accuracy and damage with ranged weapons and melee attacks
   (+6).
   It protects you from fire.
   It makes you vulnerable to cold.
   It protects you from negative energy.
   It lets you turn invisible.
   It may corrode you when you take damage.
 P - an uncursed ring of wizardry {unknown}
 W - an uncursed ring of resist corrosion
 Z - an uncursed ring of magical power
Wands
 q - a wand of disintegration (9/24)
 w - a wand of lightning (8/15)
 C - a wand of paralysis (8/24)
 O - a wand of confusion (32/48)
 V - a wand of disintegration (10/24)
Scrolls
 e - 6 scrolls of teleportation
 h - 5 scrolls of remove curse
 x - 13 scrolls of identify
 A - a scroll of summoning {unknown}
 G - a scroll of enchant weapon
 I - a scroll of holy word {unknown}
 K - 2 scrolls of fear
Potions
 d - a potion of might
 g - 4 potions of curing
 l - a potion of cancellation
 m - a potion of agility
 D - 3 potions of haste
 H - 2 potions of lignification
 N - a potion of brilliance
Books
 J - a book of Maledictions

   Spells                             Type                      Level
   a - Corona                         Hexes                        1
   b - Ensorcelled Hibernation        Hexes/Ice                    2
   c - Confuse                        Hexes                        3
   d - Tukima's Dance                 Hexes                        3
   e - Dazzling Spray                 Conjuration/Hexes            3
 T - a book of Power

   Spells                             Type                      Level
   a - Iskenderun's Battlesphere      Conjuration/Charms           5
   b - Venom Bolt                     Conjuration/Poison           5
   c - Bolt of Magma                  Conjuration/Fire/Earth       5
   d - Iron Shot                      Conjuration/Earth            6
   e - Orb of Destruction             Conjuration                  7
   f - Spellforged Servitor           Conjuration/Summoning        7
Miscellaneous
 i - a phantom mirror
Comestibles
 f - 10 bread rations
 j - 6 fruits
 r - 5 royal jellies
 s - 7 meat rations


   Skills:
 + Level 16.8 Fighting
   Level 6.4 Axes
 - Level 1.0(4.1) Maces & Flails
 * Level 15.3 Armour
 - Level 5.4 Shields
 + Level 2.1 Invocations


You had 11 spell levels left.
You didn't know any spells.

Dungeon Overview and Level Annotations

Branches:
Dungeon (8/15)             Temple (1/1) D:4            Lair (5/6) D:8
  Swamp (0/4) Lair:3       Spider (0/4) Lair:3
  Slime: Lair:5-6

Altars:
Ashenzari
Cheibriados
Dithmenos
Fedhas
Gozag
Hepliaklqana
Kikubaaqudgha
Makhleb
Nemelex Xobeh
Okawaru
Qazlal
Ru
Sif Muna
Trog
Uskayaw
Vehumet
Yredelemnul
Zin
The Shining One

Shops:
D:4 %   D:7 [

Annotations:
Lair:5 exclusion: 3 oklob plants, Nessos


Innate Abilities, Weirdness & Mutations

You reflexively headbutt those who attack you in melee.
You have a pair of horns on your head.
You possess an exceptional clarity of mind.
Your flesh is cold resistant. (rC+)
Your flesh is heat resistant. (rF+)
You are resistant to hostile enchantments. (MR+)


Message History

Nessos shoots an arrow.
The arrow hits you!! The arrow burns you.
Your corrosive artefact corrodes you!
You see here an arrow.
Nessos shoots an arrow.
The arrow hits you!!
* * * LOW HITPOINT WARNING * * *
Nessos shoots an arrow.
The arrow hits you!
* * * LOW HITPOINT WARNING * * *
The arrow burns you.
* * * LOW HITPOINT WARNING * * *
You see here 2 arrows.
Nessos shoots an arrow.
The arrow hits you.
* * * LOW HITPOINT WARNING * * *
You are poisoned.
You see here an arrow.
* * * LOW HITPOINT WARNING * * *
You feel sick.
You feel better.
Nessos blinks!
As you read the scroll of teleportation, it crumbles to dust.
You feel strangely unstable.
Nessos shoots an arrow.
The arrow hits you!!
You die...

#...####...###P...≈####....P.##
#.................≈..≈....P.P.P
#.#.P.P#.#.....#.≈≈≈≈..........
###.............≈≈≈≈≈≈≈...#...#
#.......#PP...≈≈≈≈≈.....##.##
#...#.P##.P....≈≈≈≈≈.<...###
........####..P...≈≈≈≈≈≈...#.#
# .#....... ##......≈≈≈≈≈≈≈...#
##
##.....###.#..(@..≈≈≈≈≈≈....#
#.
..........?c#(P#...≈≈≈≈...P##
##
.#P.P..#..#....####..≈≈..P.##
##P ..?P......#..(# #......##..
#.. ....#.##.(## ###....# ..#
### ....P......# ## #
................(. ##
.....#.......#.#.. #P
...#.#....##.. ##


You could see Nessos.

Vanquished Creatures
  2 hydras
  The ghost of Devintownsend the Protected, a novice MiFi of Okawaru (D:6)
  The ghost of camregs the Cudgeler, a novice OgBe of Trog (D:3)
  2 black mambas
  7 spiny frogs
  4 komodo dragons
  A jumping spider (Lair:3)
  2 polar bears (Lair:4)
  9 blink frogs (Lair:3)
  2 hippogriffs
  A wyvern (Lair:5)
  20 yaks
  13 water moccasins
  6 porcupines
  A swamp drake (Lair:3)
  3 sky beasts
  2 black bears (Lair:4)
  4 orc warriors
  An ice beast (D:6)
  16 wolves
  3 ogres
  4 boggarts (Lair:4)
  A centaur (D:8)
  11 crocodiles
  2 elf zombies (Ossuary)
  11 bullfrogs
  A wyvern skeleton (D:8)
  3 scorpions
  A howler monkey (D:6)
  3 electric eels (Lair:5)
  6 crimson imps
  4 hounds
  A bullfrog zombie (D:8)
  2 jellies (D:8)
  A centaur zombie (D:5)
  A gnoll shaman (D:6)
  3 orc priests
  4 orc wizards
  5 iguanas
  6 worker ants
  2 big kobold zombies (Ossuary)
  2 mummies (Ossuary)
  A howler monkey zombie (D:8)
  6 gnolls (D:6)
  13 adders
  A shadow imp (D:6)
  16 white imps
  2 ufetubi (IceCv)
  2 adder skeletons
  2 adder zombies (Ossuary)
  7 worms
  3 dart slugs
  8 leopard geckos
  28 orcs
  4 giant cockroaches
  10 goblins
  3 hobgoblins (D:2)
  4 jackals (D:1)
  A kobold (D:1)
  6 quokkas
  4 bats
  4 frilled lizards
  A goblin zombie (Ossuary)
  11 hobgoblin zombies (Ossuary)
  A jackal zombie (Ossuary)
  3 kobold zombies (Ossuary)
  11 orc zombies (Ossuary)
  12 rats
  2 rat zombies (Ossuary)
  4 fungi
  3 plants (D:8)
348 creatures vanquished.

Vanquished Creatures (others)
  A reaper (IceCv)
  The ghost of Kaishin the Zephyrmancer, a journeyman TeAE of Sif Muna (Lair:1)
  5 white imps (IceCv)
  6 ufetubi (IceCv)
  7 fungi
  2 plants
22 creatures vanquished.

Grand Total: 370 creatures vanquished

Notes
Turn   | Place    | Note
-------+----------+-------------------------------------------
     0 | D:1      | Devintownsend the Minotaur Fighter began the quest for the Orb.
     0 | D:1      | Reached XP level 1. HP: 19/19 MP: 0/0
    26 | D:1      | Reached XP level 2. HP: 25/27 MP: 1/1
   304 | D:1      | Reached skill level 4 in Fighting
   688 | D:2      | Reached XP level 3. HP: 29/33 MP: 2/2
   716 | D:2      | Found a burning altar of Makhleb.
   722 | D:2      | Found a hazy altar of Hepliaklqana.
   747 | D:2      | Found a shattered altar of Ashenzari.
   849 | D:2      | Reached XP level 4. HP: 16/40 MP: 3/3
  1083 | D:2      | Found a sparkling altar of Nemelex Xobeh.
  1156 | D:3      | Noticed camregs's ghost (novice OgBe)
  1181 | D:3      | Killed camregs's ghost
  1181 | D:3      | Reached skill level 5 in Armour
  1181 | D:3      | Reached skill level 5 in Shields
  1181 | D:3      | Reached XP level 5. HP: 18/47 MP: 4/4
  1181 | D:3      | Reached XP level 6. HP: 21/55 MP: 5/5
  1471 | D:3      | Noticed a moth of wrath
  1474 | D:3      | Found a bloodstained altar of Trog.
  1486 | D:3      | Reached XP level 7. HP: 44/60 MP: 6/6
  1944 | D:3      | Found an opulent altar of Gozag.
  2013 | D:4      | Reached skill level 5 in Fighting
  2046 | D:4      | Got an encrusted ring mail
  2057 | D:4      | Identified the cursed +0 ring mail "Xuos" {+Inv rPois MR-} (You found it on level 4 of the Dungeon)
  2300 | D:4      | Found Sias's Food Boutique.
  2311 | D:4      | Found a staircase to the Ecumenical Temple.
  2337 | Temple   | Entered the Ecumenical Temple
  2386 | Temple   | Became a worshipper of Warmaster Okawaru
  2950 | D:4      | Gained mutation: Scrolls take you a little longer to read. [potion of mutation]
  2950 | D:4      | Gained mutation: Your muscles are strong. (Str +2) [potion of mutation]
  2950 | D:4      | Gained mutation: You have an increased reservoir of magic. (+10% MP) [potion of mutation]
  2950 | D:4      | Gained mutation: You can translocate small distances at will. [potion of mutation]
  2952 | D:5      | Entered Level 5 of the Dungeon
  2989 | D:5      | Reached skill level 6 in Fighting
  3046 | D:5      | Reached * piety under Okawaru
  3061 | D:5      | Reached XP level 8. HP: 27/71 MP: 7/7
  3416 | D:5      | Reached skill level 7 in Fighting
  3782 | D:6      | Found an iron altar of Okawaru.
  4112 | D:6      | Reached skill level 8 in Fighting
  4153 | D:6      | Noticed Devintownsend's ghost (novice MiFi)
  4158 | D:6      | Reached ** piety under Okawaru
  4172 | D:6      | Killed Devintownsend's ghost
  4172 | D:6      | Reached skill level 9 in Fighting
  4172 | D:6      | Reached XP level 9. HP: 55/84 MP: 8/8
  4177 | D:6      | Reached *** piety under Okawaru
  4367 | D:6      | Found a sand-covered staircase.
  4377 | Ossuary  | Entered an ossuary
  4513 | Ossuary  | Reached skill level 10 in Fighting
  4881 | D:7      | Reached skill level 10 in Armour
  4975 | D:7      | Upgraded the game from 0.20-a0-637-gedbf995 to 0.20-a0-658-g02b20f4
  5136 | D:7      | Reached skill level 11 in Fighting
  5337 | D:7      | Found a shattered altar of Ashenzari.
  5409 | D:7      | Found Qopijet's Armour Emporium.
  5525 | D:7      | Lost mutation: Your muscles are strong. (Str +2) [potion of mutation]
  5525 | D:7      | Lost mutation: Scrolls take you a little longer to read. [potion of mutation]
  5525 | D:7      | Lost mutation: You can translocate small distances at will. [potion of mutation]
  5525 | D:7      | Gained mutation: You evolve. [potion of mutation]
  5525 | D:7      | Gained mutation: Armour fits poorly on your strangely shaped body. [potion of mutation]
  5525 | D:7      | Gained mutation: You are partially covered in rugged brown scales. (AC +1, +3% HP) [potion of mutation]
  5526 | D:7      | Lost mutation: You evolve. [potion of mutation]
  5526 | D:7      | Lost mutation: Armour fits poorly on your strangely shaped body. [potion of mutation]
  5526 | D:7      | Lost mutation: You have an increased reservoir of magic. (+10% MP) [potion of mutation]
  5526 | D:7      | Lost mutation: You are partially covered in rugged brown scales. (AC +1, +3% HP) [potion of mutation]
  5526 | D:7      | Gained mutation: Your flesh is heat resistant. (rF+) [potion of mutation]
  5526 | D:7      | Gained mutation: Your spells are a little harder to cast, but a little more powerful. [potion of mutation]
  5526 | D:7      | Gained mutation: You are surrounded by a mild repulsion field. (EV +2) [potion of mutation]
  5540 | D:8      | Reached **** piety under Okawaru
  5713 | D:8      | Found a staircase to the Lair.
  5754 | D:8      | Reached skill level 12 in Fighting
  5763 | D:8      | Reached XP level 10. HP: 22/97 MP: 9/9
  5995 | D:8      | Found a basalt altar of Yredelemnul.
  6339 | D:8      | Got a scorched jade ring
  6395 | D:8      | Identified the ring "Fyny" {Fire *Corrode +Inv rN+ Slay+6} (You found it on level 8 of the Dungeon)
  6431 | D:8      | Found a glowing golden altar of the Shining One.
  6764 | Lair:1   | Entered Level 1 of the Lair of Beasts
  6777 | Lair:1   | Reached ***** piety under Okawaru
  6858 | Lair:1   | Received a gift from Okawaru
  6859 | Lair:1   | Reached skill level 13 in Fighting
  6996 | Lair:1   | Noticed a spiny frog
  7005 | Lair:1   | Killed a spiny frog
  7201 | Lair:1   | Noticed Kaishin's ghost (journeyman TeAE)
  7217 | Lair:1   | Killed Kaishin's ghost
  7286 | Lair:1   | Reached skill level 14 in Fighting
  7519 | Lair:1   | Reached XP level 11. HP: 110/110 MP: 10/10
  8080 | Lair:2   | Reached skill level 1 in Invocations
  8105 | Lair:2   | Found a snail-covered altar of Cheibriados.
  8228 | Lair:2   | Reached skill level 1 in Maces & Flails
  8485 | Lair:3   | Noticed a six-headed hydra
  8522 | Lair:3   | Reached skill level 15 in Fighting
  8599 | Lair:3   | Killed a six-headed hydra
  8678 | Lair:3   | Found a frozen archway.
  8699 | IceCv    | Entered an ice cave
  8951 | IceCv    | Killed a reaper
  9475 | Lair:3   | Reached ****** piety under Okawaru
  9625 | Lair:3   | Received a gift from Okawaru
  9626 | Lair:3   | Got a crude fustibalus {god gift}
  9856 | Lair:3   | Found a hole to the Spider Nest.
  9868 | Lair:3   | Found a staircase to the Swamp.
 10003 | Lair:3   | Identified the +1 fustibalus of the Eleven Stories {speed, rElec rF++ Dex-4} (Okawaru gifted it to you on level 3 of the Lair of Beasts)
 10021 | Lair:3   | Lost mutation: Your flesh is heat resistant. (rF+) [potion of mutation]
 10021 | Lair:3   | Lost mutation: Your spells are a little harder to cast, but a little more powerful. [potion of mutation]
 10021 | Lair:3   | Lost mutation: You are surrounded by a mild repulsion field. (EV +2) [potion of mutation]
 10021 | Lair:3   | Gained mutation: You are dopey. (Int -2) [potion of mutation]
 10021 | Lair:3   | Gained mutation: You tend to lose your temper in combat. [potion of mutation]
 10021 | Lair:3   | Gained mutation: You are partially covered in large bone plates. (SH +4) [potion of mutation]
 10021 | Lair:3   | Gained mutation: You have a somewhat thin skeletal structure. (Dex +2, Stealth) [potion of mutation]
 10022 | Lair:3   | Lost mutation: You tend to lose your temper in combat. [potion of mutation]
 10022 | Lair:3   | Lost mutation: You have a somewhat thin skeletal structure. (Dex +2, Stealth) [potion of mutation]
 10022 | Lair:3   | Lost mutation: You are dopey. (Int -2) [potion of mutation]
 10022 | Lair:3   | Lost mutation: You are partially covered in large bone plates. (SH +4) [potion of mutation]
 10022 | Lair:3   | Gained mutation: You have large cloven feet. [potion of mutation]
 10022 | Lair:3   | Gained mutation: Your flesh is cold resistant. (rC+) [potion of mutation]
 10023 | Lair:3   | Lost mutation: You have large cloven feet. [potion of mutation]
 10023 | Lair:3   | Lost mutation: Your flesh is cold resistant. (rC+) [potion of mutation]
 10023 | Lair:3   | Gained mutation: You are agile. (Dex +2) [potion of mutation]
 10023 | Lair:3   | Gained mutation: You possess an exceptional clarity of mind. [potion of mutation]
 10119 | Lair:3   | Reached skill level 16 in Fighting
 10121 | Lair:3   | Reached XP level 12. HP: 109/122 MP: 12/12
 11152 | Lair:4   | Received a gift from Okawaru
 11883 | Lair:5   | Noticed a seven-headed hydra
 11890 | Lair:5   | Killed a seven-headed hydra
 11944 | Lair:5   | Lost mutation: You possess an exceptional clarity of mind. [potion of mutation]
 11944 | Lair:5   | Lost mutation: You are agile. (Dex +2) [potion of mutation]
 11944 | Lair:5   | Gained mutation: Your flesh is heat resistant. (rF+) [potion of mutation]
 11944 | Lair:5   | Gained mutation: You possess an exceptional clarity of mind. [potion of mutation]
 11944 | Lair:5   | Gained mutation: Your flesh is cold resistant. (rC+) [potion of mutation]
 11944 | Lair:5   | Gained mutation: You are resistant to hostile enchantments. (MR+) [potion of mutation]
 11977 | Lair:5   | Reached skill level 15 in Armour
 12497 | Lair:5   | Noticed Nessos
 12502 | Lair:5   | HP: 6/124 [Nessos/arrow (6)]
 12505 | Lair:5   | Shot with an arrow by Nessos

Vault maps used:
D:1:      erik_arrival_cave_to_civilisation
D:2:      nemelex_xobeh_ov_fountains_minmay, ashenzari_altar_1,
          grunt_temple_overflow_open
D:3:      nicolae_overflow_hidden_temple, tgw_trog
D:4:      minmay_temple_entry_glassed_door, serial_shops, shop
D:5:      first_bread
D:6:      chequers_ossuary_entry_cave, minmay_ruined_shrine
D:7:      basic_altar, serial_shops, shop
D:8:      old_standard_altar, overflow_temple_1_default,
          due_lair_maze_entry_diamond
Temple:   cyrus_temple_forest
Lair:1:   minmay_guarded_unrand_snakebite, grunt_megastairs_2
Lair:2:   basic_altar
Lair:3:   statuecave_lemuel, minmay_swamp_entry_reptiles,
          spider_nest_entry_rubble, portal_ice_cave_entry_imps
Lair:4:   kilobyte_rumbling_trees
Lair:5:   infiniplex_staircase_pool, minmay_lair_oklob_chamber,
          serial_bayou_shore_a, serial_bayou_shore_b, uniq_nessos
Ossuary:  ossuary_tomb_1
IceCv:    ice_cave_small_demon

Skill      XL: |  1  2  3  4  5  6  7  8  9 10 11 12 |
---------------+-------------------------------------+-----
Fighting       | 4 6 9 12 14 16 | 16.8
Shields        | 4 5 |  5.4
Axes           | 3 6 |  6.4
Armour         | 4 5 7 9 10 12 14 15 | 15.3
Invocations    | 2 |  2.1
Maces & Flails | 1 |  1.0

Action                   |  1- 3 |  4- 6 |  7- 9 | 10-12 || total
-------------------------+-------+-------+-------+-------++-------
Melee: War axe           |    76 |    62 |   349 |   147 ||   634
       Headbutt          |     5 |    16 |    80 |   124 ||   225
       Whip              |       |       |       |   326 ||   326
Invok: Finesse           |       |       |       |     1 ||     1
       Heroism           |       |       |       |     1 ||     1
  Use: Scroll            |       |       |    13 |     4 ||    17
       Potion            |       |       |    10 |    10 ||    20
 Stab: Sleeping          |       |       |       |     3 ||     3
  Eat: Chunk             |       |     2 |    12 |    18 ||    32
       Fruit             |       |       |     2 |     3 ||     5
Armor: Scale mail        |    53 |    30 |     7 |       ||    90
       Ring mail         |       |       |    97 |   176 ||   273
Dodge: Dodged            |    26 |    21 |   105 |   165 ||   317
Block: Shield            |    45 |    33 |   164 |   215 ||   457
